Map: Dusty Gorge

Players

LOADBLASTER - Winner!

  • Race: Terran Terran
  • League: Grandmaster
  • Spawn Location: 9:00

PureLegacy - Winner!

  • Race: Terran Terran
  • Spawn Location: 11:00

ploge

  • Race: Protoss Protoss
  • League: Master
  • Spawn Location: 3:00

Driminicus

  • Race: Protoss Protoss
  • League: Diamond
  • Spawn Location: 5:00

VOD

Have the link to the VOD?

Description

Time

  • Played on: Dec. 1, 2018, 3:30 p.m.
  • Length: 9:58
Show
View Real Time Build Order
Export as new Build Order

LOADBLASTER Terran - Winner!

Build Orders: Cyclone Opening 

Get SALT Encoding   

  12  0:00  SCV  
  13  0:13  SCV  
  14  0:19  Supply Depot  
  14  0:25  SCV  
  15  0:30  Refinery  
  15  0:40  SCV  
  16  0:46  Barracks  
  16  0:52  SCV  
  17  1:04  SCV  
  18  1:17  SCV  
  19  1:36  Orbital Command  
  19  1:39  Factory  
  20  1:46  Barracks Tech Lab  
  19  1:48  Supply Depot  
  19  2:03  SCV  
  20  2:16  SCV  
  21  2:24  Command Center  
  21  2:29  SCV  
  22  2:32  Cyclone  
  25  2:38  Supply Depot  
  25  2:54  Command Center  
  25  3:00  SCV  
  25  3:04  Cyclone  
  29  3:10  Refinery  
  29  3:12  SCV  
  30  3:24  SCV  
  31  3:36  SCV  
  31  3:38  Cyclone  
  31  3:41  Orbital Command  
  35  3:49  SCV  
  33  3:56  Mag-Field Accelerator  
  33  4:01  SCV  
  27  4:13  SCV  
  27  4:16  SCV  
  29  4:23  Orbital Command  
  29  4:25  SCV  
  29  4:28  SCV  
  31  4:37  SCV  
  32  4:39  Cyclone  
  32  4:40  SCV  
  36  4:49  SCV x2  
  38  4:53  SCV  
  39  5:01  SCV x2  
  39  5:05  SCV  
  42  5:08  Refinery  
  42  5:09  Refinery  
  42  5:13  SCV x2  
  47  5:14  Cyclone  
  47  5:17  Supply Depot, SCV  
  48  5:25  SCV x2  
  50  5:29  SCV  
  51  5:37  Factory  
  51  5:40  Factory  
  51  5:43  SCV x2  
  51  5:45  Orbital Command  
  51  5:47  Cyclone  
  47  5:55  SCV x2  
  49  6:07  SCV x2  
  49  6:11  Factory  
  51  6:12  Factory, SCV  
  52  6:19  SCV  
  52  6:20  SCV  
  52  6:22  Factory Tech Lab  
  52  6:23  Factory Tech Lab  
  52  6:24  SCV  
  55  6:29  Cyclone  
  55  6:31  SCV  
  55  6:32  SCV  
  60  6:36  SCV  
  60  6:39  Supply Depot  
  61  6:40  Supply Depot  
  61  6:41  Cyclone  
  61  6:44  SCV x2  
  61  6:47  Cyclone  
  67  6:55  Factory Tech Lab x2  
  67  6:56  SCV  
  67  6:58  SCV  
  67  7:01  Refinery, Cyclone  
  68  7:04  Refinery, Supply Depot, SCV  
  68  7:08  SCV  
  70  7:10  SCV  
  70  7:14  Cyclone x2  
  77  7:16  SCV  
  77  7:20  SCV  
  77  7:21  Cyclone  
  82  7:25  SCV  
  82  7:27  Cyclone  
  82  7:28  SCV  
  84  7:32  SCV  
  84  7:33  Cyclone  
  80  7:37  SCV  
  80  7:40  SCV  
  79  7:44  SCV  
  79  7:46  Cyclone  
  79  7:49  SCV  
  75  7:52  Cyclone  
  75  7:53  SCV  
  75  7:56  SCV  
  77  7:59  Cyclone  
  77  8:01  SCV  
  77  8:05  SCV  
  82  8:09  SCV  
  83  8:13  Supply Depot, SCV  
  83  8:14  Command Center  
  83  8:15  Cyclone  
  87  8:20  SCV  
  87  8:21  SCV  
  89  8:28  Cyclone, SCV  
  89  8:31  Cyclone  
  89  8:33  SCV  
  98  8:40  Cyclone, SCV  
  98  8:41  Cyclone  
  105  8:45  Supply Depot  
  105  8:47  Supply Depot, SCV  
  105  8:48  SCV  
  106  8:50  Supply Depot  
  106  8:52  Cyclone  
  109  9:07  Cyclone x2, SCV x2  
  117  9:14  Cyclone x2  
  117  9:15  Barracks  
  126  9:24  Cyclone  
  126  9:32  SCV x3  
  126  9:33  Engineering Bay  
  134  9:54  Refinery  
  134  9:56  Refinery  
Show
View Real Time Build Order
Export as new Build Order

PureLegacy Terran - Winner!

Build Orders: Gas First Reaper Expand 

Get SALT Encoding   

  12  0:00  SCV  
  13  0:12  SCV  
  14  0:19  Supply Depot  
  14  0:24  SCV  
  15  0:33  Refinery  
  15  0:41  SCV  
  16  0:46  Barracks  
  16  0:53  SCV  
  17  1:05  SCV  
  18  1:17  SCV  
  19  1:33  Reaper  
  19  1:34  Orbital Command  
  20  1:48  Command Center  
  20  1:57  Factory  
  20  2:00  SCV  
  21  2:08  Refinery  
  21  2:12  SCV  
  21  2:15  Barracks Reactor  
  22  2:19  Supply Depot  
  22  2:24  SCV  
  23  2:40  SCV  
  24  2:46  Factory Tech Lab  
  24  2:47  Armory  
  24  2:52  Marine x2, SCV  
  27  3:00  Bunker  
  27  3:03  Orbital Command  
  27  3:12  Starport  
  27  3:23  SCV  
  28  3:31  SCV  
  29  3:38  Marine x2  
  31  3:41  Thor  
  37  3:50  SCV  
  37  3:51  SCV  
  37  3:53  Supply Depot  
  39  3:58  Marine x2  
  41  4:16  Medivac  
  43  4:17  SCV x2  
  43  4:20  Supply Depot  
  43  4:22  Marine x2  
  47  4:28  Engineering Bay  
  47  4:29  SCV x2  
  49  4:41  Thor  
  49  4:42  Supply Depot  
  55  4:48  SCV x2  
  57  4:57  Barracks  
  57  5:00  SCV x2  
  57  5:02  Barracks  
  57  5:06  Barracks Tech Lab  
  59  5:07  Barracks  
  59  5:08  Missile Turret, Barracks  
  59  5:10  Missile Turret  
  59  5:12  Medivac  
  61  5:16  SCV x2  
  63  5:27  Refinery  
  63  5:28  Refinery, SCV  
  64  5:38  Marauder  
  64  5:39  Stimpack  
  64  5:40  SCV x2  
  68  5:43  Engineering Bay  
  68  5:56  SCV x2  
  70  6:02  Supply Depot, Barracks Reactor, Barracks Tech Lab  
  70  6:03  Supply Depot  
  70  6:16  Terran Infantry Armor Level 1, Terran Infantry Weapons Level 1  
  70  6:18  SCV x2  
  70  6:19  Marauder  
  70  6:21  Marauder  
  70  6:24  Starport Reactor  
  78  6:25  Marauder  
  78  6:26  Concussive Shells  
  78  6:27  Marine x2  
  78  6:31  SCV x2  
  81  6:38  Armory  
  81  6:46  Marauder  
  85  6:47  Marauder  
  85  6:48  Marauder  
  87  6:55  Command Center  
  87  6:57  Marine x3  
  87  6:58  Marine  
  91  7:07  Marine  
  94  7:12  Combat Shield  
  94  7:13  Supply Depot  
  94  7:15  Supply Depot  
  94  7:21  SCV x2  
  94  7:34  Marine x2, Marauder x3  
  94  7:36  Marine x2, SCV x2  
  106  7:38  Supply Depot  
  106  7:41  Supply Depot  
  106  7:42  Medivac x2  
  110  7:59  Marine x4  
  110  8:00  Marauder  
  110  8:04  SCV  
  110  8:05  SCV  
  118  8:06  Marauder x2  
  118  8:10  Orbital Command  
  122  8:13  Sensor Tower  
  97  8:39  Marine x3  
  97  8:40  Marine x2, Marauder x2  
  102  8:44  SCV  
  102  8:45  Supply Depot, SCV x2  
  102  8:46  Barracks  
  102  8:47  Barracks  
  102  8:48  Barracks  
  100  8:56  SCV  
  100  8:57  SCV x2  
  100  8:59  Marine x5  
  108  9:07  Marauder x2  
  108  9:09  SCV x3  
  115  9:13  Supply Depot  
  111  9:17  Marauder  
  111  9:19  Marine x2  
  111  9:23  Medivac x2  
  117  9:28  Marauder x2  
  121  9:37  Marine x2  
  117  9:39  Barracks Tech Lab x3  
Show
View Real Time Build Order
Export as new Build Order

ploge Protoss 

Build Orders: Blink Stalkers 

Get SALT Encoding   

  12  0:02  Probe  
  13  0:14  Probe  
  13  0:18  Pylon  
  14  0:25  Probe  
  15  0:34  Probe  
  15  0:39  Gateway  
  15  0:42  Probe  
  16  0:47  Assimilator  
  17  0:53  Probe  
  17  0:56  Assimilator  
  18  1:01  Probe  
  18  1:09  Probe  
  19  1:13  Gateway  
  20  1:19  Probe  
  21  1:29  Cybernetics Core  
  21  1:32  Probe  
  22  1:38  Pylon  
  22  1:47  Probe  
  23  1:56  Warp Gate  
  23  2:05  Stalker  
  23  2:06  Stalker  
  27  2:16  Pylon  
  27  2:32  Twilight Council  
  27  2:36  Probe  
  27  2:38  Stalker x2  
  31  2:56  Blink  
  31  3:08  Nexus  
  31  3:24  Sentry  
  31  3:26  Probe  
  32  3:57  Probe  
  32  4:10  Stalker, Probe  
  32  4:11  Stalker  
  32  4:15  Gateway  
  32  4:18  Gateway  
  32  4:22  Probe  
  32  4:23  Probe  
  34  4:32  Probe  
  34  4:34  Probe  
  36  4:39  Robotics Facility  
  36  4:42  Probe  
  36  4:44  Pylon  
  37  4:46  Probe  
  38  4:54  Probe  
  38  4:57  Stalker x2  
  43  5:04  Forge  
  43  5:07  Probe  
  43  5:08  Probe  
  45  5:19  Probe  
  45  5:20  Probe  
  47  5:22  Stalker  
  47  5:23  Stalker  
  48  5:31  Probe  
  43  5:39  Probe  
  44  5:44  Probe  
  44  5:49  Protoss Ground Weapons Level 1  
  45  5:51  Stalker x3, Probe  
  45  5:53  Stalker  
  45  5:56  Probe  
  55  5:59  Assimilator  
  55  6:05  Pylon  
  55  6:08  Assimilator  
  55  6:11  Observer  
  56  6:32  Observer  
  57  6:35  Probe x2  
  57  6:38  Stalker x3  
  65  6:41  Stalker  
  67  6:47  Probe x2  
  67  6:49  Pylon  
  67  6:52  Pylon  
  69  6:56  Pylon  
  69  7:03  Photon Cannon  
  69  7:05  Shield Battery  
  69  7:07  Photon Cannon  
  69  7:08  Shield Battery  
  69  7:19  Warp Prism  
  71  7:34  Sentry  
  71  7:35  Stalker x3  
  55  8:01  Stalker x2  
  55  8:02  Stalker x2  
  55  8:05  Gateway  
  63  8:07  Gateway  
  55  8:28  Stalker x3  
  55  8:29  Stalker  
  57  8:37  Immortal  
  59  8:53  Nexus  
  59  8:57  Pylon  
  59  8:58  Templar Archives  
  59  9:04  Assimilator  
  59  9:08  Assimilator  
  59  9:11  Pylon  
  59  9:15  Stalker  
  61  9:17  Stalker x2  
  49  9:39  High Templar x3  
  49  9:41  High Templar  
  56  9:50  Archon x2  
Show
View Real Time Build Order
Export as new Build Order

Driminicus Protoss 

Build Orders: Colossus Rush 

Get SALT Encoding   

  12  0:00  Probe  
  13  0:12  Probe  
  14  0:17  Pylon  
  14  0:24  Probe  
  15  0:36  Gateway  
  15  0:37  Probe  
  16  0:46  Assimilator  
  16  0:49  Probe  
  17  1:01  Probe  
  18  1:05  Gateway  
  18  1:13  Probe  
  18  1:17  Assimilator  
  19  1:23  Cybernetics Core  
  20  1:25  Probe  
  20  1:37  Probe, Pylon  
  21  1:51  Probe  
  21  1:52  Adept  
  21  1:53  Adept  
  22  2:00  Warp Gate  
  26  2:04  Probe  
  27  2:18  Adept x2  
  27  2:22  Pylon  
  31  2:48  Nexus  
  31  2:49  Probe  
  32  3:03  Robotics Facility  
  32  3:14  Probe  
  33  3:26  Probe  
  34  3:32  Pylon  
  34  3:38  Probe  
  29  4:12  Probe  
  29  4:13  Immortal  
  32  4:18  Robotics Bay  
  32  4:20  Probe x2  
  32  4:21  Gateway  
  32  4:23  Assimilator  
  33  4:24  Gateway  
  33  4:27  Assimilator  
  33  4:28  Probe  
  33  4:30  Adept, Probe  
  36  4:37  Pylon  
  38  4:47  Forge  
  38  4:55  Probe x2, Extended Thermal Lance  
  38  4:56  Observer  
  42  5:07  Colossus, Probe x2  
  43  5:20  Protoss Ground Weapons Level 1  
  49  5:22  Sentry  
  51  5:51  Probe  
  51  5:53  Probe  
  51  5:56  Robotics Facility  
  53  5:59  Probe  
  53  6:02  Immortal  
  58  6:07  Probe  
  58  6:15  Probe  
  60  6:19  Probe  
  61  6:36  Zealot x2  
  61  6:37  Probe  
  61  6:39  Forge  
  66  6:41  Immortal  
  66  6:44  Robotics Facility  
  66  6:45  Pylon  
  70  6:49  Pylon  
  70  7:03  Immortal, Probe x2  
  70  7:06  Nexus  
  76  7:09  Protoss Ground Armor Level 1  
  76  7:11  Pylon  
  76  7:14  Pylon  
  76  7:15  Probe  
  77  7:25  Twilight Council  
  77  7:28  Protoss Shields Level 1  
  77  7:33  Immortal  
  77  7:47  Zealot x3  
  77  7:48  Immortal  
  87  8:06  Colossus  
  89  8:26  Zealot x4  
  87  8:27  Immortal  
  73  8:49  Nexus  
  73  8:51  Sentry x4  
  73  8:55  Templar Archives  
  81  9:01  Probe x2  
  83  9:13  Probe  
  76  9:26  Sentry  
  76  9:27  Zealot x2, Sentry  
  84  9:38  Probe  
  84  9:39  Probe  
  52  9:54  Nexus  
Tags
 
Add a new tag
Caveats
  • Supply blocks, unpowered buildings, or Contaminate may cause inaccurate times.
  • Supply counts are checked every 10 seconds.